 Dungeon Crawl Stone Soup version 0.16.1-11-g651b585 (webtiles) character file.

766 sugabear the Sneak (level 7, -10/33 HPs)
             Began as a Vine Stalker Enchanter on Apr 8, 2015.
             Killed by nerve-wracking pain
             ... invoked by an orc priest
              (13 damage)
             ... on level 4 of the Dungeon.
             The game lasted 00:15:31 (3426 turns).

sugabear the Sneak (Vine Stalker Enchanter)         Turns: 3426, Time: 00:15:31

Health: -10/33     AC:  6    Str: 10    XL:     7   Next: 82%
Magic:  0/18       EV: 13    Int: 17    God:
Gold:   104        SH:  0    Dex: 15    Spells: 3 memorised, 9 levels left

rFire  . . .     SeeInvis .     a - +1 dagger
rCold  . . .     Clarity  .     b - +1 robe
rNeg   . . .     SustAb   .     (no shield)
rPois  .         Gourm    .     h - +1 helmet
rElec  .         Spirit   +     m - +0 cloak
rCorr  .         Warding  .     f - -2 pair of gloves (curse)
rMut   .         Stasis   .     q - +0 pair of boots (curse)
MR     .....                    (no amulet)
Stlth  +++.......               (no ring)
                                (no ring)

@: not resistant to hostile enchantments, fairly stealthy
A: fangs 2, regeneration 2, magic shield, antimagic bite, no device heal 3, rot
immunity
a: no special abilities


You were on level 4 of the Dungeon.
You were not hungry.

You visited 1 branch of the dungeon, and saw 4 of its levels.

You collected 104 gold pieces.

Inventory:

Hand weapons
 a - a +1 dagger (weapon)
 w - a +0 long sword
Armour
 b - a +1 robe (worn)
 f - a cursed -2 pair of gloves (worn)
 h - a +1 helmet (worn)
 m - a +0 cloak (worn)
 q - a cursed +0 pair of boots (worn)
Jewellery
 B - a cursed -3 ring of evasion {unknown}
Magical devices
 t - a wand of digging (5)
Scrolls
 e - 2 scrolls of identify {unknown}
 g - 3 scrolls of random uselessness {unknown}
 o - a scroll of enchant weapon {unknown}
 p - 2 scrolls of fog {unknown}
 v - a scroll of teleportation {unknown}
 x - a scroll of magic mapping {unknown}
 y - a scroll of blinking {unknown}
 z - a scroll of recharging {unknown}
 C - a scroll of enchant armour {unknown}
Potions
 i - a potion of restore abilities {unknown}
 j - 2 potions of heal wounds {unknown}
 k - a potion of agility {unknown}
 l - a potion of haste {unknown}
 n - 2 potions of ambrosia {unknown}
 s - a potion of flight {unknown}
 u - a potion of mutation {unknown}
 A - a potion of degeneration {unknown}
 D - a potion of might {unknown}
Books
 c - a book of Maledictions

   Spells                             Type                      Level
   a - Corona                         Hexes                        1
   b - Sure Blade                     Hexes/Charms                 2
   c - Ensorcelled Hibernation        Hexes/Ice                    2
   d - Confuse                        Hexes                        3
   e - Dazzling Spray                 Conjuration/Hexes            3
   f - Enslavement                    Hexes                        4
Comestibles
 d - 4 chunks of flesh
 r - 2 meat rations


   Skills:
 + Level 1.5 Fighting
 + Level 1.6 Short Blades
 + Level 3.0 Dodging
 * Level 6.7 Stealth
 + Level 4.5 Spellcasting
 + Level 4.6 Hexes
 + Level 1.6 Ice Magic


You had 9 spell levels left.
You knew the following spells:

 Your Spells              Type           Power        Failure   Level  Hunger
a - Corona                Hex            ###....      2%          1    None
b - Ensorcelled Hibernat  Hex/Ice        ##....       10%         2    ##.....
c - Confuse               Hex            ###.....     10%         3    ###....


Dungeon Overview and Level Annotations

Branches:
Dungeon (4/15)
 Temple: D:4-7

Altars:
Ru
Sif Muna


Innate Abilities, Weirdness & Mutations

You have extremely sharp teeth.
You heal very quickly.
When hurt, damage is shared between your health and your magic reserves.
Your bite disrupts and absorbs the magic of your enemies.
Potions and wands cannot restore your health.
You are immune to rotting.


Message History

The orc priest is severely wounded.
The orc priest hits the orc priest with a hand axe!
The orc priest hits you with a mace.
You hit the orc priest but do no damage.
The orc priest is severely wounded.
The orc priest closely misses the orc priest.
You hit the orc priest.
The orc priest is almost dead.
The orc priest hits you with a mace.
The orc priest hits you but does no damage.
You catch the helpless orc priest completely off-guard!
You puncture the orc priest!
You kill the orc priest!
The orc priest calls down the wrath of Beogh upon you.
Something smites you!
* * * LOW HITPOINT WARNING * * *
Unknown command.
The orc priest calls down the wrath of Beogh upon you.
Pain shoots through your body!
You die...

##############
#)?@.........#
#o##########.# #o#
#######.###
#[........####
#.........##..
#.........##.#
######.........##.#
#..............##.#####


You could see an orc priest.

Vanquished Creatures
  Pikel (D:3)
  A slave (D:3)
  A phantom (D:4)
  An orc wizard (D:3)
  An orc priest (D:4)
  A hound (D:4)
  5 adders
  2 worms
  2 giant geckos
  An ooze (D:2)
  8 orcs
  2 giant cockroaches (D:3)
  11 hobgoblins
  4 jackals
  8 kobolds
  A quokka (D:2)
  8 bats
  5 giant newts
  10 goblins
  11 rats
84 creatures vanquished.

Notes
Turn   | Place    | Note
--------------------------------------------------------------
     0 | D:1      | sugabear, the Vine Stalker Enchanter, began the quest for the Orb.
     0 | D:1      | Reached XP level 1. HP: 9/9 MP: 3/3
   198 | D:1      | Reached skill level 1 in Short Blades
   198 | D:1      | Reached skill level 4 in Stealth
   198 | D:1      | Reached XP level 2. HP: 13/13 MP: 6/6
   202 | D:1      | Learned a level 2 spell: Ensorcelled Hibernation
   620 | D:1      | Reached XP level 3. HP: 16/16 MP: 4/7
   737 | D:1      | Learned a level 3 spell: Confuse
   965 | D:2      | Found a sacrificial altar of Ru.
  1015 | D:2      | Reached XP level 4. HP: 21/21 MP: 3/9
  1108 | D:2      | Reached skill level 5 in Stealth
  1596 | D:3      | Reached XP level 5. HP: 12/24 MP: 7/11
  1680 | D:3      | Reached skill level 1 in Ice Magic
  2082 | D:3      | Found a deep blue altar of Sif Muna.
  2254 | D:4      | Noticed a slave
  2254 | D:4      | Noticed a slave
  2255 | D:4      | Noticed a slave
  2255 | D:4      | Noticed Pikel
  2364 | D:3      | Killed a slave
  2523 | D:4      | Noticed a phantom
  2662 | D:4      | Killed a phantom
  2662 | D:4      | Reached skill level 6 in Stealth
  2662 | D:4      | Gained mutation: You heal very quickly. [vine stalker growth]
  2662 | D:4      | Reached XP level 6. HP: 9/29 MP: 3/15
  2743 | D:4      | Noticed a slave
  3038 | D:3      | Killed Pikel
  3038 | D:3      | Reached skill level 1 in Fighting
  3038 | D:3      | Reached XP level 7. HP: 20/33 MP: 2/18
  3426 | D:4      | Killed from afar by an orc priest

Action                   |  1- 3 |  4- 6 |  7- 9 || total
-------------------------+-------+-------+-------++-------
Melee: Dagger            |    74 |   231 |    28 ||   333
 Cast: Ensorcelled Hiber |    15 |    25 |     6 ||    46
       Confuse           |     3 |    19 |     1 ||    23
 Stab: Sleeping          |    15 |    28 |     5 ||    48
       Confused          |       |     4 |     2 ||     6
  Eat: Chunk             |     1 |     7 |     1 ||     9
       Pizza             |       |     1 |       ||     1
       Bread ration      |       |     1 |       ||     1
